3L
RICHARDSON CITY THUNDERCATS @ CAPITAL DISTRICT RED KNIGHTS
09/08/2018
 
TOP OF THE 1ST
Richardson City Thundercats batting - Pitching for Capital District Red Knights : RHP Armando Martínez
Pitching: RHP Armando Martínez
Batting: RHB Júlio Morín 0-0: Called Strike
0-1: Foul Ball, location: 2F
0-2: Fly out, F6 (Popup, 6D)
Batting: LHB Casey Bright 0-0: Ball
1-0: Ball
2-0: DOUBLE (Flyball, 7D)
Batting: LHB Terrence Eler 0-0: Swinging Strike
0-1: Swinging Strike
0-2: Foul Ball, location: 2F
0-2: Ball
1-2: Strikes out swinging
Batting: RHB José Rodríguez 0-0: Called Strike
0-1: Fly out, F7 (Flyball, 7M)
Top of the 1st over - 0 run(s), 1 hit(s), 0 error(s), 1 left on base; Richardson City 0 - Capital District 0
BOTTOM OF THE 1ST
Capital District Red Knights batting - Pitching for Richardson City Thundercats : RHP Cordell Wilson
Pitching: RHP Cordell Wilson
Batting: LHB Alfonso Martínez 0-0: Ball
1-0: Bunt missed!
1-1: Ball
2-1: Ball
3-1: Swinging Strike
3-2: Foul Ball, location: 2F
3-2: Fly out, F8 (Popup, 8LS)
Batting: RHB Cullen Spencer 0-0: Fly out, F8 (Flyball, 8LXD)
Batting: RHB Chang-bum Pak 0-0: Called Strike
0-1: Ball
1-1: Ball
2-1: Ball
3-1: Foul Ball, location: 2F
3-2: Foul Ball, location: 2F
3-2: Base on Balls
Batting: LHB Dave Knight 0-0: Called Strike
0-1: Ground out 6-3 (Groundball, 6)
Bottom of the 1st over - 0 run(s), 0 hit(s), 0 error(s), 1 left on base; Richardson City 0 - Capital District 0
TOP OF THE 2ND
Richardson City Thundercats batting - Pitching for Capital District Red Knights : RHP Armando Martínez
Batting: RHB Robert O'Connor 0-0: Ball
1-0: Ball
2-0: Called Strike
2-1: Swinging Strike
2-2: Strikes out swinging
Batting: RHB John MacGregor 0-0: Fly out, F7 (Flyball, 7M)
Batting: RHB Randy García 0-0: Called Strike
0-1: Ball
1-1: Foul Ball, location: 2F
1-2: Ball
2-2: Fly out, F9 (Line Drive, 9S)
Top of the 2nd over - 0 run(s), 0 hit(s), 0 error(s), 0 left on base; Richardson City 0 - Capital District 0
BOTTOM OF THE 2ND
Capital District Red Knights batting - Pitching for Richardson City Thundercats : RHP Cordell Wilson
Batting: LHB Jeff Walsh 0-0: Swinging Strike
0-1: Swinging Strike
0-2: Ball
1-2: DOUBLE (Line Drive, 89D) - OUT at third base trying to stretch hit.
Batting: RHB Jean Pronk 0-0: Swinging Strike
0-1: Swinging Strike
0-2: Foul Ball, location: 2F
0-2: Foul Ball, location: 2F
0-2: Ball
1-2: SINGLE (Groundball, 4)
Batting: RHB José Romano 0-0: Called Strike
0-1: SINGLE (Line Drive, 89S)
Jean Pronk to second
Batting: SHB Edgar Cantú 0-0: SINGLE (Line Drive, 6M)
Jean Pronk to third
José Romano to second
Runner from 3rd tries for Home, SAFE, no throw or cutoff
Batting: RHB Armando Martínez 0-0: Ball
1-0: Sac Bunt - play at third, runner OUT! 5-6
Edgar Cantú to second
Batting: LHB Alfonso Martínez 0-0: Called Strike
0-1: Ball
1-1: DOUBLE (Line Drive, 9LS)
Edgar Cantú scores
Armando Martínez to third
Runner from 3rd tries for Home, SAFE, throw made home
Batting: RHB Cullen Spencer 0-0: Ball
1-0: Called Strike
1-1: Foul Ball, location: 2F
1-2: Ball
2-2: Hit by Pitch
Batting: RHB Chang-bum Pak 0-0: Called Strike
0-1: Ball
1-1: Called Strike
1-2: Reached on error, E5 (Groundball, 5)
Alfonso Martínez to third
Cullen Spencer to second
Batting: LHB Dave Knight 0-0: Ball
1-0: Ball
2-0: Fly out, F9 (Flyball, 89S)
Bottom of the 2nd over - 3 run(s), 5 hit(s), 1 error(s), 3 left on base; Richardson City 0 - Capital District 3
TOP OF THE 3RD
Richardson City Thundercats batting - Pitching for Capital District Red Knights : RHP Armando Martínez
Batting: RHB Cordell Wilson 0-0: Ball
1-0: Foul Ball, location: 2F
1-1: Called Strike
1-2: Foul Ball, location: 2F
1-2: Strikes out swinging
Batting: RHB Edmund Gallagher 0-0: Called Strike
0-1: Ground out 5-3 (Groundball, 56S)
Batting: RHB Júlio Morín 0-0: Ball
1-0: Called Strike
1-1: Ball
2-1: Foul Ball, location: 2F
2-2: SINGLE (Groundball, 56)
Batting: LHB Casey Bright 0-0: Called Strike
0-1: Called Strike
0-2: Ball
1-2: Ball
2-2: Fielders Choice at 2nd, U4 (Groundball, 4M)
Top of the 3rd over - 0 run(s), 1 hit(s), 0 error(s), 1 left on base; Richardson City 0 - Capital District 3
BOTTOM OF THE 3RD
Capital District Red Knights batting - Pitching for Richardson City Thundercats : RHP Cordell Wilson
Batting: LHB Jeff Walsh 0-0: Ball
1-0: SINGLE (Line Drive, 56D)
Batting: RHB Jean Pronk 0-0: Called Strike
0-1: Called Strike
0-2: Strikes out swinging
Batting: RHB José Romano 0-0: Called Strike
0-1: SINGLE (Line Drive, 6D)
Jeff Walsh to second
Batting: SHB Edgar Cantú 0-0: Called Strike
0-1: Ball
1-1: Fly out, F8 (Flyball, 8LM)
1-1: Fly out, F8 (Flyball, 8LM)
Batting: RHB Armando Martínez 0-0: Called Strike
0-1: Ground out 4-3 (Groundball, 4)
Bottom of the 3rd over - 0 run(s), 2 hit(s), 0 error(s), 2 left on base; Richardson City 0 - Capital District 3
TOP OF THE 4TH
Richardson City Thundercats batting - Pitching for Capital District Red Knights : RHP Armando Martínez
Batting: LHB Terrence Eler 0-0: Called Strike
0-1: Ball
1-1: Foul Ball, location: 2F
1-2: SINGLE (Flyball, 8LS)
Batting: RHB José Rodríguez 0-0: Called Strike
0-1: Ball
1-1: Foul Ball, location: 2F
1-2: Strikes out swinging
Batting: RHB Robert O'Connor 0-0: Ball
1-0: Called Strike
1-1: SINGLE (Line Drive, 7LS)
Terrence Eler to second
Batting: RHB John MacGregor 0-0: Foul Ball, location: 2F
0-1: Called Strike
0-2: Ball
1-2: Foul Ball, location: 2F
1-2: Foul Ball, location: 2F
1-2: Ball
2-2: Foul Ball, location: 2F
2-2: Foul Ball, location: 2F
2-2: Foul Ball, location: 2F
2-2: Foul Ball, location: 2F
2-2: Ball
3-2: Foul Ball, location: 2F
3-2: Fly out, F7 (Flyball, 7LDF)
Runner from 2nd tags up, SAFE at 3rd, no throw
Batting: RHB Randy García 0-0: Fielders Choice at 2nd, U6 (Groundball, 6MD)
Top of the 4th over - 0 run(s), 2 hit(s), 0 error(s), 2 left on base; Richardson City 0 - Capital District 3
BOTTOM OF THE 4TH
Capital District Red Knights batting - Pitching for Richardson City Thundercats : RHP Cordell Wilson
Batting: LHB Alfonso Martínez 0-0: Called Strike
0-1: Swinging Strike
0-2: Strikes out swinging
Batting: RHB Cullen Spencer 0-0: Swinging Strike
0-1: Ball
1-1: Called Strike
1-2: Ball
2-2: Foul Ball, location: 2F
2-2: Ball
3-2: Strikes out swinging
Batting: RHB Chang-bum Pak 0-0: Ball
1-0: Foul Ball, location: 2F
1-1: Called Strike
1-2: Foul Ball, location: 2F
1-2: Ball
2-2: Foul Ball, location: 2F
2-2: Ground out 4-3 (Groundball, 4M)
Bottom of the 4th over - 0 run(s), 0 hit(s), 0 error(s), 0 left on base; Richardson City 0 - Capital District 3
TOP OF THE 5TH
Richardson City Thundercats batting - Pitching for Capital District Red Knights : RHP Armando Martínez
Batting: RHB Cordell Wilson 0-0: Ball
1-0: SINGLE (Groundball, 34S)
Batting: RHB Edmund Gallagher 0-0: Fly out, F9 (Flyball, 89M)
Batting: RHB Júlio Morín 0-0: Ball
1-0: Ball
2-0: Called Strike
2-1: Called Strike
2-2: Ball
3-2: Foul Ball, location: 2F
3-2: Base on Balls
Cordell Wilson to second
Batting: LHB Casey Bright 0-0: Called Strike
0-1: Foul Ball, location: 2F
0-2: Ball
1-2: Foul Ball, location: 2F
1-2: Fly out, F7 (Flyball, 78D)
Batting: LHB Terrence Eler 0-0: Foul Ball, location: 2F
0-1: Ball
1-1: Ball
2-1: Ball
3-1: DOUBLE (Flyball, 8LD)
Cordell Wilson scores
Júlio Morín to third
Runner from 3rd tries for Home, SAFE, throw made home
Batting: RHB José Rodríguez 0-0: Ball
1-0: Called Strike
1-1: Ball
2-1: Ball
3-1: Ground out 6-3 (Groundball, 6)
Top of the 5th over - 2 run(s), 2 hit(s), 0 error(s), 1 left on base; Richardson City 2 - Capital District 3
BOTTOM OF THE 5TH
Capital District Red Knights batting - Pitching for Richardson City Thundercats : RHP Cordell Wilson
Batting: LHB Dave Knight 0-0: Ball
1-0: Swinging Strike
1-1: Ground out 3-1 (Groundball, 34S)
Batting: LHB Jeff Walsh 0-0: Ball
1-0: Foul Ball, location: 2F
1-1: Foul Ball, location: 2F
1-2: Foul Ball, location: 2F
1-2: Foul Ball, location: 2F
1-2: Fly out, F8 (Flyball, 8LM)
Batting: RHB Jean Pronk 0-0: Ball
1-0: Foul Ball, location: 2F
1-1: Called Strike
1-2: Ground out 5-3 (Groundball, 56)
Bottom of the 5th over - 0 run(s), 0 hit(s), 0 error(s), 0 left on base; Richardson City 2 - Capital District 3
TOP OF THE 6TH
Richardson City Thundercats batting - Pitching for Capital District Red Knights : RHP Armando Martínez
Batting: RHB Robert O'Connor 0-0: Called Strike
0-1: Ball
1-1: Called Strike
1-2: SINGLE (Groundball, 6MD)
Batting: RHB John MacGregor 0-0: Called Strike
0-1: Called Strike
0-2: Foul Ball, location: 2F
0-2: DOUBLE (Line Drive, 78S)
Robert O'Connor to third
Batting: RHB Randy García 0-0: Intentional Walk
Batting: RHB Cordell Wilson 0-0: Ball
1-0: Ball
2-0: Ball
3-0: Base on Balls
Robert O'Connor scores
John MacGregor to third
Randy García to second
Batting: RHB Edmund Gallagher 0-0: Called Strike
0-1: SINGLE (Groundball, 4D) (infield hit)
John MacGregor scores
Randy García to third
Cordell Wilson to second
Batting: RHB Júlio Morín 0-0: Foul Ball, location: 2F
0-1: Ball
1-1: Grounds into double play, 5-4-3 (Groundball, 5)
Randy García scores
Cordell Wilson to third
Pitching: RHP Fernando Martínez
Now at 3B: Michael Collins
Batting: LHB Casey Bright 0-0: Ground out 4-3 (Groundball, 4)
Top of the 6th over - 3 run(s), 3 hit(s), 0 error(s), 1 left on base; Richardson City 5 - Capital District 3
BOTTOM OF THE 6TH
Capital District Red Knights batting - Pitching for Richardson City Thundercats : RHP Cordell Wilson
Batting: RHB José Romano 0-0: Called Strike
0-1: Ball
1-1: Swinging Strike
1-2: Foul Ball, location: 2F
1-2: Ball
2-2: Ball
3-2: Base on Balls
Batting: SHB Edgar Cantú 0-0: Ball
1-0: Ball
2-0: Foul Ball, location: 2F
2-1: Ball
3-1: Foul Ball, location: 2F
3-2: SINGLE (Groundball, 34)
José Romano to second
Runner from 2nd tries for 3rd, SAFE, throw made to third
Edgar Cantú to second
Batting: RHB Michael Collins 0-0: Called Strike
0-1: Ball
1-1: Foul Ball, location: 2F
1-2: Strikes out swinging
Batting: LHB Alfonso Martínez 0-0: Ball
1-0: Fly out, F9 (Flyball, 9S)
Pinch Hitting: SHB Ted Beck 0-0: Ball
1-0: Called Strike
1-1: Ball
2-1: Foul Ball, location: 2F
2-2: SINGLE (Line Drive, 34D)
José Romano scores
Edgar Cantú to third
Runner from 3rd tries for Home, SAFE, no throw or cutoff
Pitching: RHP Kenshin Koike
Batting: RHB Chang-bum Pak 0-0: Ball
1-0: Ball
2-0: Called Strike
2-1: Swinging Strike
2-2: Strikes out swinging
Bottom of the 6th over - 2 run(s), 2 hit(s), 0 error(s), 1 left on base; Richardson City 5 - Capital District 5
TOP OF THE 7TH
Richardson City Thundercats batting - Pitching for Capital District Red Knights : RHP Fernando Martínez
Pitching: RHP Steve Ward
Batting: LHB Terrence Eler 0-0: Called Strike
0-1: Ball
1-1: Ball
2-1: Foul Ball, location: 2F
2-2: Strikes out swinging
Batting: RHB José Rodríguez 0-0: Called Strike
0-1: Foul Ball, location: 2F
0-2: Strikes out looking
Batting: RHB Robert O'Connor 0-0: Fly out, F8 (Flyball, 8RD)
Top of the 7th over - 0 run(s), 0 hit(s), 0 error(s), 0 left on base; Richardson City 5 - Capital District 5
BOTTOM OF THE 7TH
Capital District Red Knights batting - Pitching for Richardson City Thundercats : RHP Kenshin Koike
Pitching: LHP John Keller
Now at 2B: Miguel Saldaña
Pinch Hitting: RHB Ricardo Romo 0-0: Ball
1-0: Called Strike
1-1: Ball
2-1: Called Strike
2-2: Ball
3-2: DOUBLE (Flyball, 89D)
Pitching: RHP David St. John
Batting: LHB Jeff Walsh 0-0: Intentional Walk
Batting: RHB Jean Pronk 0-0: Ball
1-0: Foul Ball, location: 2F
1-1: Ball
2-1: Ball
3-1: Sac Bunt - play at first, batter OUT! 3-4
Ricardo Romo to third
Jeff Walsh to second
Batting: RHB José Romano 0-0: Intentional Walk
Batting: SHB Edgar Cantú 0-0: Ball
Passed Ball!
Ricardo Romo scores
Jeff Walsh to third
José Romano to second
1-0: Fly out, F5 (Popup, 56S)
Batting: RHB Michael Collins 0-0: Ball
1-0: Swinging Strike
1-1: Foul Ball, location: 2F
1-2: Strikes out swinging
Bottom of the 7th over - 1 run(s), 1 hit(s), 0 error(s), 2 left on base; Richardson City 5 - Capital District 6
TOP OF THE 8TH
Richardson City Thundercats batting - Pitching for Capital District Red Knights : RHP Steve Ward
Pitching: RHP Roberto Pérez
Now at C: Jian-zhang Phan
Now in RF: Ricardo Romo
Batting: RHB John MacGregor 0-0: Swinging Strike
0-1: Called Strike
0-2: Foul Ball, location: 2F
0-2: Strikes out swinging
Batting: RHB Randy García 0-0: Called Strike
0-1: Swinging Strike
0-2: Fly out, F3 (Popup, 3SF)
Batting: RHB Miguel Saldaña 0-0: Ball
1-0: Ball
2-0: Foul Ball, location: 2F
2-1: Ball
3-1: Foul Ball, location: 2F
3-2: SINGLE (Line Drive, 7LS)
Pinch Runner at 1st Clarence Fox:
Batting: RHB Edmund Gallagher 0-0: Ball
1-0: Called Strike
1-1: Called Strike
1-2: Ball
2-2: Fly out, F8 (Flyball, 8RM)
Top of the 8th over - 0 run(s), 1 hit(s), 0 error(s), 1 left on base; Richardson City 5 - Capital District 6
BOTTOM OF THE 8TH
Capital District Red Knights batting - Pitching for Richardson City Thundercats : RHP David St. John
Now at 3B: Clarence Fox
Batting: LHB Alfonso Martínez 0-0: Foul Ball, location: 2F
0-1: Foul Ball, location: 2F
0-2: Ball
1-2: Ground out 4-3 (Groundball, 34)
Batting: RHB Jian-zhang Phan 0-0: Called Strike
0-1: Ball
Error on foul ball, E5
1-2: Ball
2-2: Ground out 6-3 (Groundball, 6)
Batting: RHB Chang-bum Pak 0-0: Ball
1-0: Foul Ball, location: 2F
1-1: Fly out, F6 (Line Drive, 6)
Bottom of the 8th over - 0 run(s), 0 hit(s), 1 error(s), 0 left on base; Richardson City 5 - Capital District 6
TOP OF THE 9TH
Richardson City Thundercats batting - Pitching for Capital District Red Knights : RHP Roberto Pérez
Pitching: RHP Woody Cook
Pinch Hitting: LHB Jason Powell 0-0: Ground out U3 (Groundball, 3L)
Batting: LHB Casey Bright 0-0: Foul Ball, location: 2F
0-1: Ball
1-1: Ball
2-1: Ball
3-1: Foul Ball, location: 2F
3-2: Base on Balls
Batting: LHB Terrence Eler 0-0: Called Strike
0-1: Ball
1-1: Ground out 6-3 (Groundball, 6MS)
Casey Bright to second
Batting: RHB José Rodríguez 0-0: Ball
1-0: Called Strike
1-1: Ball
2-1: Ball
3-1: Swinging Strike
3-2: Base on Balls
Batting: RHB Robert O'Connor 0-0: Ball
1-0: Ball
2-0: Swinging Strike
2-1: Called Strike
2-2: DOUBLE (Line Drive, 8LXD)
Casey Bright scores
José Rodríguez to third
Runner from 3rd tries for Home, SAFE, throw made home
Pitching: RHP Enrique Rodríguez
Batting: RHB John MacGregor 0-0: Foul Ball, location: 2F
0-1: Foul Ball, location: 2F
0-2: Ball
1-2: Ball
2-2: Ground out 6-3 (Groundball, 6M)
Top of the 9th over - 2 run(s), 1 hit(s), 0 error(s), 1 left on base; Richardson City 7 - Capital District 6
BOTTOM OF THE 9TH
Capital District Red Knights batting - Pitching for Richardson City Thundercats : RHP David St. John
Pitching: RHP Dave Reed
Batting: RHB Ricardo Romo 0-0: Foul Ball, location: 2F
0-1: Foul Ball, location: 2F
0-2: Foul Ball, location: 2F
0-2: Strikes out swinging
Batting: LHB Jeff Walsh 0-0: Foul Ball, location: 2F
0-1: Ball
1-1: Ground out 4-3 (Groundball, 34)
Batting: RHB Jean Pronk 0-0: Ball
1-0: Called Strike
1-1: Called Strike
1-2: Ball
2-2: Ball
3-2: Base on Balls
Batting: SHB Enrique Rodríguez 0-0: Ball
1-0: Ground out U3 (Groundball, 3L)
Bottom of the 9th over - 0 run(s), 0 hit(s), 0 error(s), 1 left on base; Richardson City 7 - Capital District 6
This league is powered by Out of the Park Baseball, the baseball management simulation game for PC, Mac and Linux
Monday, May 4th, 2015 - OOTP Baseball 15.6 Build 34